 Dungeon Crawl Stone Soup version 0.21.1-1-g345015fe64 (webtiles) character file.

114 Evaline the Insei (level 4, 0/28 HPs)
             Began as an Octopode Transmuter on June 26, 2018.
             Slain by gorpus's ghost (1 damage)
             ... on level 3 of the Dungeon.
             The game lasted 00:06:52 (2657 turns).

Evaline the Insei (Octopode Transmuter)             Turns: 2657, Time: 00:06:52

Health: 0/28       AC:  1    Str:  9    XL:     4   Next: 98%
Magic:  7/7        EV: 13    Int: 15    God:
Gold:   137        SH:  0    Dex: 13    Spells: 4/7 levels left

rFire    . . .     SeeInvis .     - Unarmed
rCold    . . .     Gourm    .   (no shield)
rNeg     . . .     Faith    .   (helmet restricted)
rPois    .         Spirit   .   (no amulet)
rElec    .         Reflect  .   (no ring)
rCorr    .         Harm     .   (no ring)
MR       .....                  (no ring)
Stlth    +++.......             (no ring)
HPRegen  0.09/turn              (no ring)
MPRegen  0.10/turn              (no ring)
                                (no ring)
                                (no ring)

@: appendage (expiring)
A: almost no armour, stealthy swim, amphibious, 8 rings, constrict 8, tentacle
spike 3, camouflage 1, gelatinous body 1
a: End Transformation


You were on level 3 of the Dungeon.
You were not hungry.
One of your tentacles had a temporary spike.
You visited 1 branch of the dungeon, and saw 3 of its levels.

You collected 137 gold pieces.

Inventory:

Missiles
 a - 32 arrows
 g - 33 stones (quivered)
 i - 23 sling bullets
 k - a throwing net
Wands
 m - a wand of flame (28)
Scrolls
 d - 3 scrolls of amnesia {unknown}
 e - a scroll of magic mapping {unknown}
 f - a scroll of immolation {unknown}
 l - a scroll of fear {unknown}
 o - a scroll of blinking {unknown}
 p - a scroll of identify {unknown}
 q - a scroll of teleportation {unknown}
Potions
 h - a potion of resistance {unknown}
 j - a potion of invisibility {unknown}
 n - 2 potions of agility {unknown}
Books
 b - a book of Changes

   Spells                             Type                      Level
   a - Beastly Appendage              Transmutation                1
   b - Sticks to Snakes               Transmutation                2
   c - Spider Form                    Transmutation/Poison         3
   d - Ice Form                       Ice/Transmutation            4
   e - Blade Hands                    Transmutation                5
Comestibles
 c - 6 rations
 r - 3 chunks of flesh


   Skills:
 + Level 1.3 Fighting
 * Level 2.3 Dodging
 * Level 3.1 Stealth
 * Level 4.2 Unarmed Combat
 + Level 2.0 Spellcasting
 * Level 2.5 Transmutations


You had 4 spell levels left.
You knew the following spells:

 Your Spells              Type           Power        Failure   Level  Hunger
a - Beastly Appendage     Tmut           #.....       8%          1    #......
b - Sticks to Snakes      Tmut           #.......     12%         2    ###....


Dungeon Overview and Level Annotations

Branches:
Dungeon (3/15)

Altars:
Ru

Annotations:
D:3 Robin; gorpus's ghost, amateur OpTm


Innate Abilities, Weirdness & Mutations

You cannot wear most types of armour.
You are very stealthy in the water. (Stealth+)
You are amphibious.
You can wear up to eight rings at the same time.
You can use your tentacles to constrict eight enemies at once.
Your skin changes colour to match your surroundings (Stealth+).
Your rubbery body absorbs attacks. (AC +1, EV +1)
One of your tentacles bears a large vicious spike.


Message History

* * * LOW HITPOINT WARNING * * *
You closely miss gorpus's ghost.
Gorpus's ghost is almost destroyed.
Gorpus's ghost hits you.
* * * LOW HITPOINT WARNING * * *
You tentacle-slap gorpus's ghost.
Gorpus's ghost is almost destroyed.
Your transformation is almost over.
Gorpus's ghost hits you.
* * * LOW HITPOINT WARNING * * *
You tentacle-slap gorpus's ghost but do no damage.
Your tentacle spike misses gorpus's ghost.
Gorpus's ghost is almost destroyed.
Gorpus's ghost barely misses you.
You tentacle-slap gorpus's ghost.
Your tentacle spike misses gorpus's ghost.
Your squeeze misses gorpus's ghost.
Gorpus's ghost is almost destroyed.
Gorpus's ghost hits you.
You die...

#####+#### #
.........#.#
.........#.
.......?.'
.........#
.........+
g........###########
..###+#W.(...(.W@..#
#.# #.##########.# #
#.# #.# # #.# #.# #
#.# #รท# .. ..# #.#
### ### #.# #<# #.#
#.# #.#


You could see gorpus's ghost.

Vanquished Creatures
  An orc wizard (D:2)
  3 adders
  3 dart slugs (D:2)
  3 leopard geckos
  3 orcs (D:2)
  2 giant cockroaches (D:1)
  7 goblins
  4 hobgoblins
  4 quokkas
  8 bats
  2 frilled lizards
  2 kobolds (D:2)
  5 rats
47 creatures vanquished.

Notes
Turn   | Place    | Note
-------+----------+-------------------------------------------
     0 | D:1      | Evaline the Octopode Transmuter began the quest for the Orb.
     0 | D:1      | Reached XP level 1. HP: 13/13 MP: 3/3
   212 | D:1      | Reached XP level 2. HP: 18/18 MP: 5/5
   216 | D:1      | Learned a level 2 spell: Sticks to Snakes
   821 | D:2      | Reached XP level 3. HP: 10/23 MP: 6/6
  1016 | D:2      | Reached skill level 1 in Stealth
  1215 | D:2      | Reached XP level 4. HP: 3/28 MP: 7/7
  1509 | D:2      | Found a sacrificial altar of Ru.
  1995 | D:2      | Reached skill level 4 in Unarmed Combat
  2274 | D:3      | Noticed Robin
  2630 | D:3      | Noticed gorpus's ghost (amateur OpTm)
  2655 | D:3      | HP: 1/28 [gorpus's ghost (1)]
  2657 | D:3      | Slain by gorpus's ghost

Skill      XL: |  1  2  3  4 |
---------------+-------------+-----
Stealth        | 2 3 |  3.1
Unarmed Combat | 4 |  4.2
Fighting       | |  1.3
Dodging        | |  2.3
Spellcasting   | |  2.0
Transmutations | |  2.5

Action                   |  1- 3 |  4- 6 || total
-------------------------+-------+-------++-------
Melee: Unarmed           |    67 |    52 ||   119
       Constrict         |    24 |    13 ||    37
       Tentacles         |    11 |     5 ||    16
       Punch             |     1 |       ||     1
       Kick              |       |     2 ||     2
Throw: Stone             |       |     4 ||     4
 Cast: Beastly Appendage |       |     1 ||     1
 Stab: Sleeping          |    11 |     6 ||    17
  Eat: Chunk             |     1 |     4 ||     5
Armor: Skin              |     4 |     3 ||     7
Dodge: Dodged            |    34 |    23 ||    57
